 Dungeon Crawl Stone Soup version 0.31.0-11-ge490571c62 (webtiles) character file.

Game seed: 1363680879533551725

320 Arctor the Magician (level 6, -24/32 HPs)
             Began as a Deep Elf Fire Elementalist on Feb 8, 2024.
             Annihilated by a sleepcap (25 damage)
             ... on level 6 of the Dungeon.
             The game lasted 00:04:02 (3053 turns).

Arctor the Magician (Deep Elf Fire Elementalist)    Turns: 3053, Time: 00:04:02

Health: -24/32     AC:  4    Str:  5    XL:     6   Next: 22%
Magic:  4/15       EV:  2    Int: 22    God:
Gold:   136        SH:  0    Dex: 15    Spells: 6/14 levels left

rFire   x . .        c - +0 dagger
rCold   . . .        (no shield)
rNeg    . . .        i - +0 leather armour {Will+}
rPois   .            n - +0 helmet of Pragmatism {+Blink rElec rF-}
rElec   +            g - scarf {harm}
rCorr   .            (no gloves)
SInv    .            (no boots)
Will    +....        (no amulet)
Stlth   ++           (no ring)
HPRegen 0.25/turn    (no ring)
MPRegen 0.14/turn

%: harm (+30% outgoing, +20% incoming)
@: sleeping, very slightly contaminated
A: no striking features
a: Evoke Blink


You were on level 6 of the Dungeon.
You visited 1 branch of the dungeon, and saw 5 of its levels.

You collected 136 gold pieces.

Inventory:

Hand Weapons
 c - a +0 dagger (weapon)
 s - the +4 quarterstaff of Guilt {flame, Str-5 Dex+3 Stlth+}
   (You found it on level 6 of the Dungeon)

   Str-5:     It affects your strength (-5).
   Dex+3:     It affects your dexterity (+3).
   Stlth+:    It makes you more stealthy.
Armour
 a - a +0 robe
 g - a scarf of harm (worn)
 i - a +0 leather armour of willpower (worn)
 n - the +0 helmet of Pragmatism (worn) {+Blink rElec rF-}
   (You took it off Robin on level 2 of the Dungeon)

   rF-:       It makes you vulnerable to fire.
   rElec:     It insulates you from electricity.
   +Blink:    It lets you blink.
Scrolls
 d - 2 scrolls of enchant armour {unknown}
 j - a scroll of poison {unknown}
 k - 2 scrolls of revelation {unknown}
 l - a scroll of noise {unknown}
 m - 2 scrolls of teleportation {unknown}
 o - a scroll of immolation {unknown}
 p - a scroll of silence {unknown}
 r - a scroll of fear {unknown}
Potions
 b - a potion of magic
 e - a potion of berserk rage {unknown}
 f - a potion of heal wounds
 h - 2 potions of lignification {unknown}
 q - a potion of attraction {unknown}


   Skills:
 + Level 4.1 Dodging
 + Level 4.3 Stealth
 + Level 4.7 Spellcasting
 + Level 3.1 Conjurations
 + Level 4.5 Fire Magic


You had 6 spell levels left.
You knew the following spells:

 Your Spells              Type           Power      Damage    Failure   Level
a - Foxfire               Conj/Fire      88%        2x1d8     3%          1
b - Scorch                Fire           50%        2d7       4%          2
c - Searing Ray           Conj           38%        2d5       8%          2
d - Volatile Blastmotes   Fire/Tloc      30%        2d12      21%         3

Your spell library contained the following spells:

 Spells                   Type           Power      Damage    Failure   Level
 Magic Dart               Conj           76%        1d6       4%          1
 Sandblast                Erth           10%        2d5       17%         1
 Inner Flame              Hex/Fire       15%        N/A       21%         3
 Blink                    Tloc           10%        N/A       26%         2
 Call Imp                 Summ           10%        N/A       26%         2
 Sublimation of Blood     Necr           5%         N/A       26%         2
 Stone Arrow              Conj/Erth      24%        3d8       26%         3
 Flame Wave               Conj/Fire      22%        2d8       34%         4
 Passwall                 Erth           5%         N/A       45%         3
 Brom's Barrelling Bould  Conj/Erth      12%        2d4       65%         4
 Fulminant Prism          Conj/Alch      6%         3d7       65%         4
 Petrify                  Alch/Erth      5%         N/A       86%         4
 Irradiate                Conj/Alch      6%         3d13      94%         5


Dungeon Overview and Level Annotations

Branches:
Dungeon (6/15)
 Temple: D:4-7

Altars:
Zin

Shops:
D:1 ?


Message History

The orc priest is heavily wounded.
The orc priest's fire resistance burns away.
The sleepcap barely misses you. The orc priest barely misses you.
Unknown command.
Casting: Scorch (safe; 4% risk of failure)
Confirm with . or Enter, or press ? or * to list all spells.
You miscast Scorch.
Nothing appears to happen.
The sleepcap barely misses you.
The orc priest hits you with a +0 war axe!
Casting: Scorch (safe; 4% risk of failure)
Confirm with . or Enter, or press ? or * to list all spells.
Flames lash the orc priest.
The orc priest is burned terribly!
You kill the orc priest!
The sleepcap releases spores at you!
You are engulfed in a cloud of soporific spores!
You fall asleep.
The centaur unwields a +0 shortbow.
The centaur barely misses you. The centaur kicks you.
You wake up.
The sleepcap misses you.
An orc priest comes into view. It is wielding a +0 club.
Casting: Scorch (safe; 4% risk of failure)
Confirm with . or Enter, or press ? or * to list all spells.
Flames lash the sleepcap.
The sleepcap is heavily damaged.
The sleepcap's fire resistance burns away.
The centaur hits you but does no damage.
The centaur misses you. The sleepcap barely misses you.
The centaur hits you but does no damage.
The centaur kicks you but does no damage.
The centaur attacks as it pursues you! The centaur hits you.
* * * LOW HITPOINT WARNING * * *
The centaur kicks you.
* * * LOW HITPOINT WARNING * * *
An orc comes into view. It is wielding a +0 hand axe.
The sleepcap is no longer more vulnerable to fire.
The sleepcap attacks as it pursues you! The sleepcap releases spores at you.
* * * LOW HITPOINT WARNING * * *
You are engulfed in a cloud of soporific spores!
You fall asleep.
The sleepcap releases spores at you!!
Ouch! That really hurt!
You die...

.... ... ##. #..# ...
##.. #..# #.# #... #.
#..# #.# #... #.
#..###.## #... #.
#..##...# ##.. .###.####
#..#....# ##.
........###...#...######.
#.#.@.....###.<......
#.cf#####.###.#######
##.#### ##...## ##
#..#####o...# ##.## #.
#......o###.#####.# #.
#........o........# #.
#.#####.###o####### ##
#.# #.#


You could see a sleepcap, a centaur, an orc priest and an orc.

Vanquished Creatures
  A black bear (D:6)
  A scorpion (D:6)
  An orc priest (D:6)
  Robin (D:2)
  3 adders (D:2)
  A white imp (D:6)
  2 ribbon worms (D:2)
  2 dart slugs
  4 endoplasms
  A giant cockroach (D:1)
  11 hobgoblins
  11 jackals
  10 kobolds
  4 quokkas
  3 ball pythons
  2 bats
  4 frilled lizards
  14 goblins
  3 rats
79 creatures vanquished.

Vanquished Creatures (collateral kills)
  A foxfire (D:2)
1 creature vanquished.

Vanquished Creatures (others)
  264 foxfires
264 creatures vanquished.

Grand Total: 344 creatures vanquished

Notes
Turn   | Place    | Note
-------+----------+-------------------------------------------
     0 | D:1      | Arctor the Deep Elf Fire Elementalist began the quest for
                  | the Orb.
     0 | D:1      | Reached XP level 1. HP: 10/10 MP: 6/6
   129 | D:1      | Reached XP level 2. HP: 15/15 MP: 0/8
   823 | D:1      | Found The Oracle's Delphic Readings.
  1133 | D:1      | Reached XP level 3. HP: 19/19 MP: 6/9
  1260 | D:1      | Learned a level 2 spell: Scorch
  1263 | D:1      | Learned a level 2 spell: Searing Ray
  1267 | D:1      | Learned a level 3 spell: Volatile Blastmotes
  1320 | D:2      | Identified the +0 helmet of Pragmatism {+Blink rElec rF-}
  1320 | D:2      | Noticed Robin
  1410 | D:2      | Killed Robin
  1619 | D:2      | Reached XP level 4. HP: 21/24 MP: 0/11
  2755 | D:3      | You fall into a shaft and drop 3 floors!
  2810 | D:6      | Noticed a black bear
  2813 | D:6      | Killed a black bear
  2814 | D:6      | Reached XP level 5. HP: 28/28 MP: 6/13
  2836 | D:6      | Reached XP level 6. HP: 10/32 MP: 0/15
  2959 | D:6      | Found a glowing silver altar of Zin.
  2995 | D:5      | Entered Level 5 of the Dungeon
  3019 | D:6      | Identified the +4 quarterstaff of Guilt {flame, Str-5 Dex+3
                  | Stlth+}
  3052 | D:6      | HP: 1/32 [sleepcap (4)]
  3053 | D:6      | Annihilated by a sleepcap

Illustrated notes

Levels and vault maps discovered:
D:1:      wander_arrival_estate, layout_loops_ring,
          chequers_serial_rivers_small_b, nicolae_nh_oracle_at_delphi
D:2:      layout_basic, minmay_increasing_density, uniq_robin
D:3:      layout_loops_cross, gammafunk_ghost_necromancy, serial_shops,
          nicolae_shop_tiny_real_fake_doors, minmay_shallow_snake_nest
D:5:      layout_layer_cave, nicolae_overflows_in_rows, uniq_prince_ribbit1,
          uniq_ijyb, uniq_blork_the_orc
D:6:      layout_loops_ring, mainiacjoe_overflow_alcove_2

Skill      XL: |  1  2  3  4  5 |
---------------+----------------+-----
Stealth        | 3 4 |  4.3
Dodging        | 3 4 |  4.1
Conjurations   | 2 3 |  3.1
Spellcasting   | 4 |  4.7
Fire Magic     | 4 |  4.5

Action                     |  1- 3 |  4- 6 || total
---------------------------+-------+-------++-------
  Melee: Unarmed           |     5 |     9 ||    14
         Dagger            |       |    11 ||    11
         Punch             |       |     1 ||     1
   Cast: Foxfire           |   103 |    78 ||   181
         Scorch            |     8 |     8 ||    16
    Use: Potion            |       |     3 ||     3
 Armour: Robe              |     3 |       ||     3
         Leather armour    |    11 |    38 ||    49
  Dodge: Dodged            |    20 |    39 ||    59
